 Dungeon Crawl Stone Soup version 0.28.0-43-g3370ac3207 (webtiles) character file.

Game seed: 6768202845065268150

99 pkoi the Insei (level 4, 0/36 HPs)
             Began as a Demigod Gladiator on Mar 26, 2022.
             Slain by an orc priest
             ... wielding a +0 flail
              (6 damage)
             ... on level 3 of the Dungeon.
             The game lasted 00:02:03 (3698 turns).

pkoi the Insei (Demigod Gladiator)                  Turns: 3698, Time: 00:02:03

Health: 0/36       AC:  4    Str: 15    XL:     4   Next: 22%
Magic:  6/6        EV: 12    Int: 14    God:
Gold:   92         SH:  0    Dex: 15    Spells: 3/3 levels left

rFire   . . .      SeeInvis .     - Unarmed
rCold   . . .      Faith    .   (no shield)
rNeg    . . .      Spirit   .   a - +0 leather armour
rPois   .          Reflect  .   b - +0 helmet
rElec   .          Harm     .   (no cloak)
rCorr   +          Rampage  .   (no gloves)
Will    .....      Rage     1%  (no boots)
Stlth   +.........              (no amulet)
HPRegen 0.12/turn               j - ring of resist corrosion
MPRegen 0.10/turn               (no ring)

@: no status effects
A: high MP 1, forlorn, divine attributes, berserk 1, screaming 1, evolution 1
a: no special abilities


You were on level 3 of the Dungeon.
You visited 1 branch of the dungeon, and saw 3 of its levels.

You collected 92 gold pieces.

Inventory:

Hand Weapons
 f - a +2 dagger of draining
Missiles
 c - 3 throwing nets (quivered)
Armour
 a - a +0 leather armour (worn)
 b - a +0 helmet (worn)
Jewellery
 j - a ring of resist corrosion (left hand)
Scrolls
 d - a scroll of identify
 g - a scroll of magic mapping {unknown}
 h - a scroll of vulnerability {unknown}
 i - 2 scrolls of teleportation
 l - a scroll of amnesia {unknown}
Potions
 e - a potion of heal wounds
 k - a potion of cancellation {unknown}
 m - 2 potions of magic {unknown}


   Skills:
 - Level 1.7 Fighting
 - Level 1.7 Throwing
 - Level 2.6 Dodging
 + Level 4.8 Unarmed Combat


You had 3 spell levels left.
You didn't know any spells.
Your spell library contained the following spells:

 Spells                   Type           Power      Damage    Failure   Level
 Static Discharge         Conj/Air       0%         N/A       47%         2
 Stone Arrow              Conj/Erth      0%         3d7       71%         3
 Animate Armour           Summ/Erth      0%         N/A       98%         4
 Lightning Bolt           Conj/Air       0%         1d11      100%        5
 Lehudib's Crystal Spear  Conj/Erth      0%         10d2      100%        8
 Maxwell's Capacitive Co  Air            0%         ∞         100%        8


Dungeon Overview and Level Annotations

Branches:
Dungeon (3/15)


Innate Abilities, Weirdness & Mutations

You have an increased reservoir of magic. (+10% MP)
You shall have no god before yourself.
Your divine heritage dramatically boosts your attributes as you level up.
You tend to lose your temper in combat.
You occasionally shout uncontrollably at your foes.
You have hidden genetic potential.


Message History

You are frozen.
You hit the endoplasm.
The endoplasm is severely wounded.
The endoplasm closely misses you.
You hit the endoplasm.
You kill the endoplasm!
No target in view!
You yell at the orc priest! 2 orcs and an orc priest come into view.
The orc shouts! x2
There are monsters nearby!
There are monsters nearby!
You punch the orc!
You kill the orc!
The orc priest hits you with a +0 flail!
* * * LOW HITPOINT WARNING * * *
The orc hits you with a +0 flail!
* * * LOW HITPOINT WARNING * * *
Things that are here:
a +0 hand axe; a +0 scale mail; an orc corpse You are too injured to fight recklessly!
Unknown command.
You closely miss the orc priest. The orc priest closely misses you.
The orc hits you with a +0 flail.
* * * LOW HITPOINT WARNING * * *
You hit the orc priest.
The orc priest is moderately wounded.
The orc priest hits you with a +0 flail.
* * * LOW HITPOINT WARNING * * *
You closely miss the orc priest.
The orc priest is moderately wounded.
The orc hits you with a +0 flail.
* * * LOW HITPOINT WARNING * * *
The orc priest hits you with a +0 flail!
* * * LOW HITPOINT WARNING * * *
You hit the orc priest.
The orc priest is severely wounded.
The orc barely misses you.
The orc priest hits you with a +0 flail.
You die...

####...###########...
#####..## #.....#
#.......# #.....#
#.###.#.# #.....#
#.#.# ##.#### #.#.#
#.# #.#.# #.#
#.###.#.# #.#
#...o@..# #.####
......o.### #.....
######### ######


You could see an orc priest and an orc.

Vanquished Creatures
  2 gnolls
  3 adders (D:2)
  A worm (D:3)
  2 dart slugs
  2 orcs (D:3)
  6 endoplasms
  6 goblins
  2 hobgoblins
  A jackal (D:2)
  4 quokkas
  2 ball pythons
  6 bats
  4 frilled lizards
  A kobold (D:2)
42 creatures vanquished.

Notes
Turn   | Place    | Note
-------+----------+-------------------------------------------
     0 | D:1      | pkoi the Demigod Gladiator began the quest for the Orb.
     0 | D:1      | Reached XP level 1. HP: 17/17 MP: 3/3
   124 | D:1      | Reached skill level 3 in Unarmed Combat
   548 | D:1      | Reached XP level 2. HP: 18/24 MP: 4/4
  1668 | D:2      | Reached skill level 4 in Unarmed Combat
  1668 | D:2      | Reached XP level 3. HP: 11/29 MP: 5/5
  2163 | D:2      | Gained mutation: You tend to lose your temper in combat.
                  | [potion of mutation]
  2163 | D:2      | Gained mutation: You have hidden genetic potential. [potion
                  | of mutation]
  2163 | D:2      | Gained mutation: You occasionally shout uncontrollably at
                  | your foes. [potion of mutation]
  2819 | D:2      | Reached XP level 4. HP: 12/36 MP: 6/6
  3698 | D:3      | Slain by an orc priest

Illustrated notes

Levels and vault maps discovered:
D:1:      dpeg_arrival_snail, layout_basic
D:2:      layout_loops_corners, basic_ecumenical_altar,
          hangedman_abyss_or_decor_lesser_grid, minmay_pentomino_o4
D:3:      kennysheep_big_flooded_room, layout_loops_corners,
          kennysheep_jessica_study

Skill      XL: |  1  2 |
---------------+-------+-----
Unarmed Combat | 3 4 |  4.8
Fighting       | |  1.7
Throwing       | |  1.7
Dodging        | |  2.6

Action                   |  1- 3 |  4- 6 || total
-------------------------+-------+-------++-------
Melee: Unarmed           |   121 |    26 ||   147
       Punch             |     1 |       ||     1
  Use: Scroll            |     2 |       ||     2
       Potion            |     2 |       ||     2
 Stab: Sleeping          |     1 |     1 ||     2
Armor: Leather armour    |    25 |     5 ||    30
Dodge: Dodged            |    67 |    17 ||    84
